 Dungeon Crawl Stone Soup version 0.19.3-4-gbf9329e (webtiles) character file.

12712 Mefis the Thaumaturge (level 11, -14/54 HPs)
             Began as a Deep Elf Wizard on Jan 27, 2017.
             Was an Elder of Sif Muna.
             Demolished by a deep troll (23 damage)
             ... on level 1 of the Lair of Beasts.
             The game lasted 00:44:41 (18566 turns).

Mefis the Thaumaturge (Deep Elf Wizard)            Turns: 18566, Time: 00:44:42

Health: -14/54     AC:  8    Str:  4    XL:     11   Next: 66%
Magic:  16/28      EV: 17    Int: 27    God:    Sif Muna [****..]
Gold:   296        SH:  0    Dex: 16    Spells: 12 memorised, 0 levels left

rFire  . . .     SeeInvis .     a - +2 whip (flame)
rCold  . . .     Gourm    .     V - +2 robe
rNeg   . . .     Faith    .     (no shield)
rPois  +         Spirit   .     r - +0 hat
rElec  .         Reflect  .     E - +2 cloak {rPois}
rCorr  .         Harm     .     y - +0 pair of gloves
MR     +....                    (no boots)
Stlth  ++++......               (no amulet)
                                (no ring)
                                p - +3 ring of dexterity

@: repel missiles
A: no striking features
a: Divine Energy, Channel Magic, Forget Spell, Renounce Religion


You were on level 1 of the Lair of Beasts.
You worshipped Sif Muna.
Sif Muna was greatly pleased with you.
You were not hungry.

You visited 3 branches of the dungeon, and saw 13 of its levels.

You collected 532 gold pieces.
You spent 236 gold pieces at shops.

Inventory:

Hand Weapons
 a - a +2 whip of flaming (weapon)
 b - a +3 hunting sling
Missiles
 w - 39 sling bullets
 U - 5 poisoned tomahawks (quivered)
Armour
 r - a +0 hat (worn)
 y - a +0 pair of gloves (worn)
 E - a +2 cloak of poison resistance (worn)
 V - a +2 robe (worn)
Jewellery
 p - a +3 ring of dexterity (left hand)
Wands
 g - a wand of iceblast (11/15)
 q - a wand of random effects (28/48)
 s - a wand of polymorph (14/24)
 A - a wand of flame (22/48)
 D - a wand of random effects (33/48)
 F - a wand of teleportation (3/9)
 L - a wand of enslavement (3/24)
 Z - a wand of iceblast (8/15)
Scrolls
 i - a scroll of enchant armour
 j - 5 scrolls of fear
 k - 2 scrolls of blinking
 l - 2 scrolls of fog
 m - 2 scrolls of magic mapping {unknown}
 n - a scroll of summoning {unknown}
 o - 2 scrolls of amnesia
 C - 6 scrolls of remove curse
 I - 4 scrolls of teleportation
 T - a scroll of vulnerability
Potions
 h - a potion of magic {unknown}
 B - 4 potions of flight
 S - 2 potions of haste
Books
 c - a book of Minor Magic

   Spells                             Type                      Level
   a - Magic Dart                     Conjuration                  1
   b - Blink                          Translocation                2
   c - Call Imp                       Summoning                    2
   d - Repel Missiles                 Charms/Air                   2
   e - Slow                           Hexes                        2
   f - Conjure Flame                  Conjuration/Fire             3
   g - Mephitic Cloud                 Conjuration/Poison/Air       3
 e - a book of Air

   Spells                             Type                      Level
   a - Shock                          Conjuration/Air              1
   b - Swiftness                      Charms/Air                   2
   c - Repel Missiles                 Charms/Air                   2
   d - Static Discharge               Conjuration/Air              3
   e - Lightning Bolt                 Conjuration/Air              5
 N - a book of Misfortune

   Spells                             Type                      Level
   a - Confusing Touch                Hexes                        1
   b - Confuse                        Hexes                        3
   c - Gell's Gravitas                Hexes/Translocation          3
   d - Petrify                        Transmutation/Earth          4
   e - Metabolic Englaciation         Hexes/Ice                    5
   f - Yara's Violent Unravelling     Hexes/Transmutation          5
 W - a book of Cantrips

   Spells                             Type                      Level
   a - Confusing Touch                Hexes                        1
   b - Animate Skeleton               Necromancy                   1
   c - Summon Small Mammal            Summoning                    1
   d - Apportation                    Translocation                1
Comestibles
 d - 8 bread rations
 f - 2 beef jerkies
 t - 2 chunks of flesh
 x - a meat ration
 K - 10 slices of pizza


   Skills:
 + Level 7.4 Dodging
 - Level 7.9 Stealth
 * Level 11.3 Spellcasting
 + Level 6.6 Conjurations
 + Level 6.7 Hexes
 - Level 5.0 Charms
 - Level 4.3 Summonings
 + Level 3.5 Necromancy
 - Level 1.1 Translocations
 - Level 6.2 Ice Magic
 * Level 5.3 Air Magic
 + Level 3.7 Earth Magic
 - Level 2.2 Poison Magic
 + Level 0.9 Invocations
 + Level 6.2 Evocations


You couldn't memorise any spells.
You knew the following spells:

 Your Spells              Type           Power        Failure   Level  Hunger
a - Magic Dart            Conj           ####         1%          1    None
b - Call Imp              Summ           #####...     1%          2    None
c - Blink                 Tloc           N/A          4%          2    None
d - Repel Missiles        Chrm/Air       #####.       1%          2    None
e - Mephitic Cloud        Conj/Pois/Air  #####...     1%          3    None
f - Conjure Flame         Conj/Fire      ####....     2%          3    None
g - Slow                  Hex            ######..     1%          2    None
h - Petrify               Tmut/Erth      ####....     21%         4    None
m - Animate Skeleton      Necr           N/A          1%          1    None
s - Lightning Bolt        Conj/Air       #####.....   12%         5    ###....
w - Metabolic Englaciati  Hex/Ice        ######....   10%         5    ###....
x - Swiftness             Chrm/Air       #####...     1%          2    None


Dungeon Overview and Level Annotations

Branches:
Dungeon (10/15)            Temple (1/1) D:7            Lair (2/6) D:10
    Orc (0/2) D:9
  Swamp: Lair:2-4    Shoals: Lair:2-4     Snake: Lair:2-4    Spider: Lair:2-4

Altars:
Ashenzari
Cheibriados
Dithmenos
Elyvilon
Fedhas
Gozag
Hepliaklqana
Kikubaaqudgha
Makhleb
Nemelex Xobeh
Okawaru
Qazlal
Ru
Sif Muna
Trog
Uskayaw
Vehumet
Xom
Yredelemnul
Zin
The Shining One

Shops:
D:6 (   D:7 [*

Annotations:
D:3 TryAgain's ghost, amateur DEAE
D:7 344 cloack invisibi,lity
D:8 TryAgain's ghost, novice DEAE
D:10 exclusion: door, markt42's ghost, journeyman MiFi


Message History

You start resting.
There is a staircase to the Lair here.
You start resting.
Eating one of 3 chunks of flesh.
You start eating one of the 3 chunks of flesh.
You are feeling hungry.
This raw flesh tastes terrible.
You start resting.
A troll comes into view.
The troll moves out of view.
You start resting.
Markt42's ghost turns its malevolent gaze towards you.
There is a staircase to the Lair here.
There are monsters nearby!
You climb downwards.
Welcome back to the Lair of Beasts!
The deep troll bites you! The deep troll barely misses you.
The deep troll claws you!
* * * LOW HITPOINT WARNING * * *
The deep troll bites you!!
You die...

..#.....#.....##..######....## ##
........#.....+.......#P....####.
..#.....P.....##......#......##..
..#...........#.......##....##...
..#.....#.....###.###.##....###..
..####.##.....#####.#'##.....##.#
..............(.?...........###+#
.................................
................@................
................T................
.................................
.................................
..#.###..##......................
...###..###...#P##..##P.....P..##
...#.....#....#####.##...........
.........##...#####.###.....#....
..##..........#P#..[........#....


You could see a deep troll.

Vanquished Creatures
  Pikel (D:7)
  An ugly thing (D:7)
  A spiny frog (Lair:1)
  A troll (D:9)
  2 hornets
  A two-headed ogre (D:10)
  3 hippogriffs
  34 yaks
  A human (D:8)
  4 water moccasins
  2 orc warriors
  2 porcupines
  3 ice beasts
  4 black bears
  4 ogres
  3 sky beasts
  3 phantoms
  A slave (D:7)
  7 centaurs
  5 crocodiles
  12 bullfrogs
  4 scorpions
  6 killer bees (D:9)
  6 howler monkeys
  4 crimson imps
  A quasit (D:8)
  5 hounds
  5 orc priests
  8 orc wizards
  2 iguanas
  6 worker ants
  2 hound skeletons
  2 river rats (D:10)
  15 adders
  A shadow imp (D:6)
  2 oozes
  An adder zombie (D:8)
  3 adder skeletons
  2 worms
  A dart slug (D:1)
  4 leopard geckos
  27 orcs
  2 ball pythons
  3 giant cockroaches
  8 goblins
  8 hobgoblins
  10 jackals
  5 quokkas
  9 bats
  5 frilled lizards
  7 kobolds
  2 leopard gecko zombies
  8 rats
269 creatures vanquished.

Vanquished Creatures (collateral kills)
  A black mamba (Lair:1)
  Grinder (D:4)
  An orc wizard (D:9)
  Crazy Yiuf (D:3)
  A goblin (D:3)
  A hobgoblin (D:3)
6 creatures vanquished.

Vanquished Creatures (others)
  A water moccasin (Lair:1)
  A hound (D:7)
  A fungus (D:10)
  3 plants (D:10)
6 creatures vanquished.

Grand Total: 281 creatures vanquished

Notes
Turn   | Place    | Note
-------+----------+-------------------------------------------
     0 | D:1      | Mefis the Deep Elf Wizard began the quest for the Orb.
     0 | D:1      | Reached XP level 1. HP: 10/10 MP: 7/7
   278 | D:1      | Reached XP level 2. HP: 13/15 MP: 4/9
   282 | D:1      | Learned a level 2 spell: Call Imp
   285 | D:1      | Learned a level 2 spell: Blink
   288 | D:1      | Learned a level 2 spell: Repel Missiles
  1534 | D:2      | Reached XP level 3. HP: 13/19 MP: 3/11
  1539 | D:2      | Learned a level 3 spell: Mephitic Cloud
  1965 | D:2      | Reached skill level 5 in Spellcasting
  2475 | D:3      | Reached XP level 4. HP: 24/24 MP: 10/13
  2480 | D:3      | Learned a level 3 spell: Conjure Flame
  2496 | D:3      | Noticed TryAgain's ghost (amateur DEAE)
  2935 | D:3      | Found a runed door.
  3021 | D:3      | Reached skill level 1 in Poison Magic
  3562 | D:3      | Reached XP level 5. HP: 28/28 MP: 10/15
  3899 | D:3      | Reached skill level 1 in Air Magic
  4715 | D:3      | Noticed Crazy Yiuf
  4733 | D:3      | Killed Crazy Yiuf
  5014 | D:4      | Reached skill level 6 in Spellcasting
  5014 | D:4      | Reached XP level 6. HP: 32/32 MP: 3/17
  5018 | D:4      | Learned a level 2 spell: Slow
  5257 | D:4      | Reached skill level 1 in Evocations
  6014 | D:4      | Noticed Grinder
  6057 | D:4      | Killed Grinder
  6057 | D:4      | Reached skill level 1 in Hexes
  6249 | D:5      | Entered Level 5 of the Dungeon
  6249 | D:5      | Noticed an ice beast
  6457 | D:5      | Reached XP level 7. HP: 36/36 MP: 12/19
  6874 | D:5      | Reached skill level 7 in Spellcasting
  7346 | D:6      | Reached skill level 5 in Stealth
  7475 | D:6      | Found an opulent altar of Gozag.
  7494 | D:6      | Reached XP level 8. HP: 41/41 MP: 12/21
  7645 | D:6      | Found Xohan's Weapon Shoppe.
  7798 | D:6      | Learned a level 5 spell: Metabolic Englaciation
  7922 | D:6      | Reached skill level 5 in Dodging
  7922 | D:6      | Reached skill level 8 in Spellcasting
  8052 | D:6      | Reached skill level 1 in Ice Magic
  8817 | D:7      | Reached XP level 9. HP: 40/45 MP: 16/23
  8818 | D:7      | Reached skill level 9 in Spellcasting
  8818 | D:7      | Reached skill level 5 in Conjurations
  9116 | D:7      | Found a staircase to the Ecumenical Temple.
  9125 | D:7      | Found Vanipe's General Store.
  9131 | Temple   | Entered the Ecumenical Temple
  9194 | Temple   | Became a worshipper of Sif Muna the Loreminder
  9270 | D:7      | Bought a scroll of teleportation for 33 gold pieces
  9270 | D:7      | Bought a potion of haste for 110 gold pieces
  9270 | D:7      | Bought a potion of degeneration for 11 gold pieces
  9270 | D:7      | Bought a scroll of vulnerability for 82 gold pieces
  9624 | D:7      | Noticed a red ugly thing
  9760 | D:7      | Reached skill level 1 in Charms
 10283 | D:7      | Reached * piety under Sif Muna
 10599 | D:7      | Killed a red ugly thing
 10599 | D:7      | Reached skill level 5 in Hexes
 10667 | D:7      | Found Doxtaexo's Armour Boutique.
 10953 | D:7      | Noticed Pikel
 10976 | D:7      | Killed Pikel
 10976 | D:7      | Reached skill level 10 in Spellcasting
 10976 | D:7      | Reached XP level 10. HP: 47/50 MP: 16/26
 11388 | D:8      | Learned a level 1 spell: Animate Skeleton
 11393 | D:8      | Learned a level 4 spell: Petrify
 11445 | D:8      | Reached skill level 5 in Evocations
 11720 | D:8      | Noticed TryAgain's ghost (novice DEAE)
 11723 | D:8      | Reached skill level 1 in Earth Magic
 12085 | D:8      | Reached ** piety under Sif Muna
 12204 | D:8      | Found a shimmering altar of Xom.
 12206 | D:8      | Found an opulent altar of Gozag.
 12206 | D:8      | Found a stormy altar of Qazlal.
 12208 | D:8      | Found a bloodstained altar of Trog.
 12208 | D:8      | Found an opulent altar of Gozag.
 12208 | D:8      | Found a basalt altar of Yredelemnul.
 12775 | D:9      | Reached skill level 1 in Necromancy
 13172 | D:9      | Reached skill level 5 in Ice Magic
 13525 | D:9      | Reached *** piety under Sif Muna
 13904 | D:9      | Reached XP level 11. HP: 54/54 MP: 6/27
 14528 | D:9      | Found a staircase to the Orcish Mines.
 14761 | D:10     | Entered Level 10 of the Dungeon
 14864 | D:10     | Reached skill level 11 in Spellcasting
 15197 | D:10     | Reached **** piety under Sif Muna
 15504 | D:10     | Found a staircase to the Lair.
 15515 | D:10     | Noticed markt42's ghost (journeyman MiFi)
 16439 | D:10     | Noticed a tengu warrior
 16439 | D:10     | Noticed a white ugly thing
 16629 | D:10     | Reached skill level 5 in Air Magic
 16685 | Lair:1   | Entered Level 1 of the Lair of Beasts
 16802 | Lair:1   | Reached skill level 5 in Charms
 17171 | Lair:1   | Learned a level 2 spell: Swiftness
 17177 | Lair:1   | Learned a level 5 spell: Lightning Bolt
 18292 | Lair:2   | Noticed a death yak
 18302 | Lair:2   | Noticed a death yak
 18305 | Lair:2   | Noticed a death yak
 18306 | Lair:2   | Noticed a death yak
 18306 | Lair:2   | Noticed a death yak
 18471 | Lair:1   | Noticed a deep troll
 18471 | Lair:1   | a spiny frog changed into a deep troll
 18566 | Lair:1   | Demolished by a deep troll

Skill      XL: |  1  2  3  4  5  6  7  8  9 10 11 |
---------------+----------------------------------+-----
Conjurations   | 2 3 4 5 6 |  6.6
Dodging        | 3 4 5 6 7 |  7.4
Stealth        | 3 4 5 6 7 |  7.9
Spellcasting   | 5 6 7 8 10 11 | 11.3
Poison Magic   | 1 2 |  2.2
Air Magic      | 1 2 3 4 5 |  5.3
Evocations     | 1 2 3 4 5 6 |  6.2
Hexes          | 1 2 4 5 6 |  6.7
Ice Magic      | 1 4 5 6 |  6.2
Charms         | 2 4 5 |  5.0
Summonings     | 2 3 4 |  4.3
Earth Magic    | 2 3 |  3.7
Necromancy     | 1 3 |  3.5
Translocations | |  1.1
Invocations    | |  0.9

Action                   |  1- 3 |  4- 6 |  7- 9 | 10-12 || total
-------------------------+-------+-------+-------+-------++-------
Melee: Dagger            |       |    20 |       |       ||    20
       Quarterstaff      |       |     1 |    10 |       ||    11
       Whip              |       |       |       |    52 ||    52
 Fire: Hunting sling     |       |       |    23 |   210 ||   233
Throw: Tomahawk          |     3 |       |       |    11 ||    14
 Cast: Magic Dart        |    85 |   145 |   340 |   440 ||  1010
       Repel Missiles    |     2 |     2 |     3 |       ||     7
       Call Imp          |       |    14 |       |     6 ||    20
       Mephitic Cloud    |       |     6 |    23 |    66 ||    95
       Blink             |       |     1 |     4 |     5 ||    10
       Conjure Flame     |       |       |     7 |    24 ||    31
       Lightning Bolt    |       |       |       |     7 ||     7
       Petrify           |       |       |       |     5 ||     5
       Animate Skeleton  |       |       |       |     3 ||     3
       Slow              |       |       |       |     1 ||     1
Invok: Divine Energy     |       |       |       |     1 ||     1
       Stop Divine Energ |       |       |       |     1 ||     1
Evoke: Wand              |       |       |       |     8 ||     8
  Use: Scroll            |     2 |     2 |     4 |     3 ||    11
 Stab: Confused          |       |     2 |       |     6 ||     8
       Sleeping          |       |       |     1 |       ||     1
       Petrified         |       |       |       |    15 ||    15
  Eat: Chunk             |     4 |    12 |     9 |    18 ||    43
       Meat ration       |       |       |     1 |     1 ||     2
       Fruit             |       |       |       |     1 ||     1
       Pizza             |       |       |       |     1 ||     1
Armor: Robe              |     4 |     7 |    22 |    46 ||    79
Dodge: Dodged            |     8 |    31 |    90 |   189 ||   318
       Deflected         |     2 |     1 |    11 |     2 ||    16
